Map: Ever Dream LE

Players

Serral - Winner!

  • Race: Zerg Zerg
  • League: Grandmaster
  • Spawn Location: 7:00

Reynor

  • Race: Zerg Zerg
  • League: Master
  • Spawn Location: 1:00

Event: DreamHack SC2 Masters 2020 Fall

VOD

Have the link to the VOD?

Description

Time

  • Played on: Sept. 11, 2020, 2:39 p.m.
  • Length: 17:06

All games in this series

Show
View Real Time Build Order
Export as new Build Order

Serral Zerg - Winner!

Build Orders: Hatch First, Lurkers, Roach Hydra 

Get SALT Encoding   

  12  0:00  Drone  
  13  0:12  Overlord  
  13  0:16  Drone  
  14  0:30  Drone x2  
  16  0:47  Hatchery  
  15  0:50  Drone  
  15  0:53  Drone  
  17  0:57  Drone  
  18  1:07  Extractor  
  17  1:12  Spawning Pool  
  17  1:16  Drone  
  17  1:19  Drone  
  18  1:27  Drone  
  19  1:38  Drone  
  20  1:49  Drone  
  21  1:59  Queen x2, Overlord  
  21  2:00  Zergling x2  
  26  2:08  Metabolic Boost  
  26  2:12  Drone x2  
  28  2:20  Drone  
  28  2:22  Drone  
  30  2:35  Drone, Hatchery  
  30  2:37  Zergling x2  
  30  2:42  Queen  
  33  2:50  Baneling Nest  
  32  2:52  Overlord  
  32  2:55  Drone  
  32  2:58  Zergling x2  
  34  3:00  Drone  
  34  3:05  Drone  
  36  3:13  Drone x4  
  36  3:16  Overlord  
  40  3:23  Zergling x4  
  40  3:25  Drone  
  40  3:27  Drone  
  44  3:33  Evolution Chamber  
  43  3:35  Drone  
  43  3:36  Drone  
  45  3:41  Zergling x2  
  45  3:42  Drone x2  
  45  3:45  Drone x2  
  50  3:53  Overlord, Baneling  
  50  3:55  Drone x3, Zergling x2  
  52  3:57  Drone  
  52  4:00  Zerg Missile Weapons Level 1  
  55  4:03  Drone  
  55  4:09  Drone x2  
  58  4:13  Extractor, Lair  
  58  4:17  Roach Warren  
  56  4:19  Drone  
  56  4:20  Extractor  
  56  4:22  Drone x2  
  58  4:25  Drone x2  
  58  4:26  Drone  
  58  4:28  Overlord  
  61  4:31  Drone x2  
  61  4:32  Drone  
  61  4:34  Drone  
  61  4:37  Drone  
  65  4:45  Overlord  
  65  4:47  Pneumatized Carapace, Overlord  
  65  4:49  Drone x4  
  65  4:50  Extractor  
  65  4:51  Drone  
  69  4:53  Drone  
  69  4:57  Overlord  
  69  4:58  Drone x2  
  69  4:59  Drone  
  73  5:02  Overlord  
  73  5:05  Drone x2, Extractor  
  73  5:06  Extractor  
  73  5:08  Drone x2  
  73  5:10  Drone  
  73  5:11  Glial Reconstitution  
  73  5:12  Overseer  
  73  5:13  Drone  
  77  5:15  Drone  
  77  5:20  Drone  
  79  5:23  Hatchery  
  79  5:25  Roach  
  80  5:29  Roach x2  
  80  5:32  Overlord  
  84  5:36  Roach x3  
  84  5:37  Baneling  
  84  5:41  Roach x2  
  94  5:45  Drone  
  94  5:47  Evolution Chamber  
  95  5:50  Roach x4  
  100  5:58  Roach x4  
  100  6:02  Overlord  
  100  6:03  Zerg Missile Weapons Level 2  
  108  6:06  Overlord  
  108  6:07  Roach  
  108  6:08  Roach  
  111  6:14  Zerg Ground Armor Level 1  
  111  6:15  Hydralisk Den  
  111  6:17  Drone x3  
  112  6:21  Roach x2  
  116  6:27  Drone x2  
  118  6:33  Overlord x2  
  118  6:41  Roach x3  
  118  6:44  Drone x2  
  118  6:46  Overlord  
  123  6:50  Grooved Spines  
  123  6:53  Hydralisk x6  
  135  6:54  Roach x2  
  135  6:59  Hydralisk x3  
  141  7:01  Unknown  
  141  7:02  Spore Crawler  
  141  7:08  Ravager  
  140  7:09  Ravager x2  
  140  7:11  Overlord x2  
  140  7:15  Roach x3, Ravager x2  
  148  7:16  Roach  
  148  7:21  Queen  
  152  7:24  Drone  
  152  7:25  Drone x2  
  152  7:26  Overlord x2  
  155  7:30  Spore Crawler  
  155  7:33  Roach x3  
  157  7:39  Spore Crawler  
  157  7:41  Drone x2  
  158  7:45  Ravager  
  158  7:48  Roach x6  
  171  7:57  Overlord x2  
  171  8:01  Muscular Augments  
  171  8:02  Ravager x3  
  174  8:08  Roach  
  176  8:15  Zerg Ground Armor Level 2  
  176  8:18  Roach  
  164  8:23  Roach x4  
  164  8:24  Roach x6  
  170  8:29  Infestation Pit  
  170  8:30  Drone x4  
  170  8:33  Tunneling Claws  
  173  8:35  Burrow  
  173  8:40  Ravager  
  178  8:41  Roach x3  
  178  8:43  Overlord  
  178  8:48  Overlord x2  
  180  8:54  Roach  
  180  8:55  Roach x3  
  168  8:58  Roach x2  
  168  9:00  Roach  
  168  9:01  Roach  
  161  9:05  Roach x2  
  161  9:09  Roach x3  
  171  9:14  Roach x3  
  177  9:20  Infestor x2  
  181  9:24  Roach x3  
  181  9:26  Hive  
  181  9:29  Hydralisk, Ravager  
  181  9:30  Roach  
  190  9:32  Ravager  
  190  9:33  Overseer x2  
  191  9:39  Overlord x2  
  191  9:44  Overlord  
  191  9:52  Overseer  
  191  10:01  Roach x4  
  199  10:12  Overlord x2  
  199  10:13  Overlord  
  199  10:19  Roach x3  
  199  10:23  Hatchery  
  199  10:24  Lurker Den  
  199  10:26  Roach x3  
  197  10:32  Roach x2  
  197  10:33  Roach x2  
  195  10:40  Zerg Ground Armor Level 3, Zerg Missile Weapons Level 3  
  193  10:42  Roach  
  193  10:44  Roach  
  182  10:52  Roach x14  
  182  10:53  Roach x2  
  170  10:59  Roach x12  
  185  11:06  Hydralisk x2  
  185  11:08  Roach x4  
  191  11:16  Roach x5  
  200  11:18  Ravager  
  192  11:29  Seismic Spines  
  192  11:31  Roach  
  192  11:32  Roach x2  
  192  11:38  Hydralisk x4  
  200  11:44  Hydralisk x3  
  187  11:56  Lurker x3  
  187  11:57  Drone x2, Queen  
  187  12:01  Roach x20  
  194  12:03  Roach  
  194  12:05  Overlord  
  195  12:08  Lurker x6  
  195  12:14  Extractor  
  197  12:18  Roach x2, Extractor  
  197  12:19  Roach x4  
  197  12:21  Hydralisk x2  
  198  12:22  Overseer  
  198  12:29  Roach, Adaptive Talons  
  191  12:30  Roach x3  
  191  12:35  Hydralisk x8  
  199  12:37  Roach  
  199  12:38  Roach x2  
  199  12:39  Roach  
  199  12:41  Lurker  
  199  12:42  Roach x2  
  200  12:47  Spine Crawler, Spore Crawler  
  190  13:02  Roach x2  
  186  13:07  Overseer  
  186  13:10  Hydralisk x10  
  186  13:30  Hydralisk x8, Spine Crawler x2  
  186  13:31  Roach x8  
  185  13:37  Hydralisk x2  
  178  13:50  Lurker x5  
  177  13:57  Roach x4  
  177  13:58  Roach x3  
  191  14:04  Roach x3  
  191  14:05  Roach  
  191  14:06  Roach  
  191  14:07  Roach x5  
  197  14:10  Roach  
  197  14:11  Roach x2  
  194  14:20  Viper  
  194  14:21  Viper  
  194  14:22  Roach x3  
  198  14:25  Overseer  
  198  14:29  Roach  
  198  14:31  Roach x2  
  192  14:43  Viper x3  
  192  14:44  Roach x2  
  192  14:45  Roach  
  199  14:46  Overseer  
  199  14:49  Hatchery  
  194  15:03  Hydralisk x3  
  198  15:15  Hydralisk x3  
  198  15:21  Hydralisk x5  
  185  15:45  Hydralisk  
  185  15:46  Hydralisk x8  
  189  15:51  Hydralisk x2  
  189  15:52  Hydralisk x7  
  191  16:07  Lurker x3  
  191  16:08  Drone x3  
  192  16:15  Roach x4  
  192  16:18  Extractor, Hatchery  
  195  16:19  Extractor  
  195  16:21  Roach x2  
  190  16:42  Roach x6  
Show
View Real Time Build Order
Export as new Build Order

Reynor Zerg 

Build Orders: Hatch First 

Get SALT Encoding   

  12  0:00  Drone  
  13  0:12  Overlord  
  13  0:16  Drone  
  14  0:30  Drone x2  
  16  0:47  Hatchery  
  15  0:51  Drone  
  15  0:54  Drone  
  17  0:57  Drone  
  18  1:08  Extractor  
  17  1:13  Spawning Pool  
  17  1:16  Drone  
  17  1:20  Drone  
  18  1:27  Drone  
  19  1:38  Drone  
  20  1:49  Drone  
  21  1:59  Queen, Overlord  
  21  2:00  Queen, Zergling x2  
  26  2:09  Metabolic Boost  
  26  2:10  Drone  
  26  2:11  Drone  
  28  2:21  Drone x2  
  30  2:32  Zergling x2  
  30  2:36  Hatchery  
  30  2:38  Drone  
  30  2:42  Drone x2  
  33  2:52  Overlord  
  33  2:54  Baneling Nest  
  33  2:55  Drone  
  33  3:04  Drone  
  33  3:05  Drone  
  35  3:10  Drone  
  36  3:16  Drone  
  36  3:17  Overlord  
  36  3:18  Zergling x6  
  40  3:23  Zergling x2  
  40  3:25  Drone  
  42  3:27  Queen  
  42  3:29  Evolution Chamber  
  42  3:31  Drone  
  44  3:36  Drone  
  44  3:39  Drone  
  44  3:40  Drone  
  47  3:42  Drone x3  
  47  3:45  Overlord  
  50  3:49  Drone x2  
  50  3:51  Drone  
  53  3:55  Zerg Missile Weapons Level 1  
  53  3:58  Drone x2  
  53  3:59  Drone  
  55  4:04  Overlord  
  55  4:13  Drone x5  
  55  4:15  Lair  
  60  4:20  Roach Warren  
  60  4:22  Extractor, Zergling x2  
  60  4:23  Extractor, Zergling x2  
  59  4:25  Baneling  
  59  4:27  Drone  
  59  4:29  Drone  
  59  4:31  Drone x2  
  63  4:42  Overlord  
  63  4:43  Drone x5  
  63  4:44  Drone x4  
  72  4:49  Drone  
  72  4:52  Extractor  
  71  4:53  Drone  
  71  4:54  Drone  
  71  4:55  Drone  
  74  5:03  Drone  
  74  5:05  Drone x2  
  77  5:08  Extractor  
  77  5:09  Extractor  
  75  5:14  Drone  
  75  5:15  Spire  
  75  5:16  Drone x3  
  75  5:17  Hatchery  
  75  5:18  Overlord  
  75  5:21  Zergling x2  
  78  5:25  Drone  
  78  5:26  Zergling x4  
  81  5:29  Zergling x2  
  81  5:31  Overlord  
  81  5:32  Baneling  
  81  5:35  Overlord  
  82  5:38  Zergling x4  
  82  5:40  Zergling x2  
  85  5:43  Overlord  
  85  5:44  Zergling x4  
  86  5:50  Zergling x6  
  86  5:54  Overlord  
  86  5:56  Zerg Missile Weapons Level 2  
  87  6:05  Overlord  
  80  6:13  Roach x8  
  80  6:16  Glial Reconstitution  
  80  6:17  Overlord  
  93  6:19  Roach x3  
  93  6:24  Roach  
  101  6:28  Roach x2  
  101  6:29  Queen, Roach x3  
  101  6:31  Overlord  
  113  6:37  Roach x2  
  115  6:43  Roach x5  
  115  6:46  Overlord  
  119  6:47  Queen  
  119  6:50  Mutalisk  
  119  6:51  Mutalisk x4  
  131  6:54  Roach  
  131  6:56  Roach x2  
  131  6:57  Roach  
  131  6:59  Mutalisk  
  139  7:01  Drone x2  
  139  7:03  Drone  
  141  7:10  Roach x3  
  141  7:11  Ravager  
  141  7:13  Ravager  
  141  7:14  Drone x5  
  154  7:16  Unknown  
  154  7:17  Roach  
  154  7:20  Overlord  
  154  7:22  Overlord  
  155  7:23  Ravager x2  
  155  7:25  Roach  
  159  7:32  Roach  
  159  7:34  Drone  
  159  7:36  Overlord  
  160  7:40  Overlord  
  160  7:41  Ravager  
  160  7:42  Ravager x2  
  160  7:43  Roach x2  
  167  7:44  Overlord  
  167  7:48  Overlord  
  167  7:51  Ravager  
  168  7:54  Overlord  
  168  7:59  Overlord  
  168  8:01  Roach x4  
  176  8:12  Roach x10  
  182  8:22  Roach x9  
  182  8:23  Roach  
  182  8:26  Roach  
  182  8:27  Roach  
  188  8:33  Ravager x2  
  190  8:36  Roach x4  
  198  8:41  Infestation Pit  
  198  8:43  Evolution Chamber, Roach  
  198  8:44  Burrow  
  180  9:00  Roach x4  
  180  9:01  Roach x7  
  184  9:04  Drone x2  
  184  9:05  Tunneling Claws, Roach x2  
  190  9:17  Roach  
  190  9:18  Roach x4  
  196  9:27  Overseer  
  196  9:33  Roach  
  196  9:34  Roach  
  200  9:39  Roach x12  
  200  9:41  Hatchery  
  200  9:45  Ravager  
  200  9:56  Overseer x3  
  196  10:02  Hive  
  196  10:03  Zerg Ground Armor Level 1  
  196  10:04  Roach x4  
  200  10:21  Pneumatized Carapace  
  200  10:23  Overseer  
  200  10:25  Overlord  
  200  10:28  Overseer  
  200  10:38  Spore Crawler  
  195  10:52  Roach  
  195  10:53  Roach x14  
  184  10:59  Roach x5  
  184  11:00  Roach x5  
  192  11:11  Roach x8  
  192  11:17  Zerg Missile Weapons Level 3  
  190  11:18  Drone x3  
  190  11:19  Drone x2  
  190  11:20  Drone x4  
  190  11:25  Roach x5  
  185  11:47  Roach x11  
  185  11:53  Roach x4  
  192  11:54  Roach x2  
  192  11:55  Roach  
  192  11:56  Roach  
  192  11:57  Zerg Ground Armor Level 2  
  192  11:59  Roach x21  
  188  12:02  Ravager x2  
  188  12:03  Drone x4, Ravager  
  188  12:07  Roach x3  
  200  12:10  Overlord  
  200  12:21  Roach x5  
  200  12:23  Hydralisk Den  
  200  12:26  Roach x19  
  200  12:27  Roach x8  
  199  12:36  Roach x7  
  199  12:42  Viper x2  
  199  12:49  Drone  
  180  12:59  Viper x2  
  180  13:02  Drone x8  
  180  13:04  Roach x4  
  197  13:05  Roach x22  
  197  13:09  Roach x3  
  196  13:13  Drone  
  196  13:14  Roach  
  196  13:15  Roach  
  196  13:18  Overseer  
  195  13:31  Roach x9  
  160  13:38  Roach x2  
  160  13:39  Queen  
  154  13:42  Queen, Roach x2  
  154  13:46  Roach x3  
  162  13:49  Roach x2  
  162  13:53  Ravager x8  
  176  13:55  Roach  
  176  13:56  Roach x11  
  176  13:57  Spawning Pool  
  176  13:59  Roach  
  176  14:00  Roach  
  176  14:01  Roach  
  176  14:02  Ravager x3  
  186  14:03  Roach  
  188  14:11  Roach x2  
  189  14:17  Roach x2  
  189  14:23  Roach x3  
  197  14:29  Roach x3  
  199  14:35  Roach x2  
  197  14:42  Roach x2  
  197  14:48  Drone x2, Queen  
  197  14:50  Roach  
  200  15:06  Overseer  
  200  15:07  Hatchery  
  176  15:19  Roach x10  
  166  15:23  Roach  
  166  15:27  Viper  
  162  15:30  Roach x2  
  162  15:34  Roach x4, Overseer x3  
  162  15:35  Roach x8  
  156  15:45  Roach x3  
  116  15:57  Roach  
  116  15:58  Roach x18  
  116  16:02  Ravager x3  
  116  16:03  Ravager x4  
  129  16:10  Roach  
  130  16:24  Roach x2  
  128  16:31  Roach  
  120  16:43  Roach x2  

Tags
 
Add a new tag
Caveats
  • Supply blocks, unpowered buildings, or Contaminate may cause inaccurate times.
  • Supply counts are checked every 10 seconds.